 Dungeon Crawl Stone Soup version 0.18-a0-329-g5b4d444 (webtiles) character file.

1958 Proton the Shield-Bearer (level 9, -1/71 HPs)
             Began as a Formicid Fighter on Nov 28, 2015.
             Was a Believer of Cheibriados.
             Splashed by a jelly's acid (4 damage)
             ... on level 7 of the Dungeon.
             The game lasted 00:09:33 (5120 turns).

Proton the Shield-Bearer (Formicid Fighter)         Turns: 5120, Time: 00:09:33

Health: -1/71      AC: 13    Str: 27      XL:     9   Next: 42%
Magic:  9/9        EV: 10    Int: 12 (13) God:    Cheibriados [**....]
Gold:   322        SH: 11    Dex: 12      Spells: 0 memorised, 8 levels left

rFire  . . .     SeeInvis +     y - +1 war axe (chop)
rCold  . . .     Clarity  .     C - +0 chain mail
rNeg   . . .     SustAt   .     c - +0 shield
rPois  +         Gourm    .     (helmet unavailable)
rElec  .         Spirit   .     f - +0 cloak (curse)
rCorr  .         Warding  .     (no gloves)
rMut   .         Stasis   +     F - +0 pair of boots
MR     .....                    b - amulet of regeneration
Stlth  ..........               q - ring of poison resistance
                                l - ring of stealth

@: very slow, not resistant to hostile enchantments, extremely unstealthy
A: permanent stasis, dig shafts and tunnels, four strong arms, antennae 3,
clumsy 1, deterioration 1, spit poison 1
a: Dig, Shaft Self, Spit Poison, Bend Time, Renounce Religion


You were on level 7 of the Dungeon.
You worshipped Cheibriados.
Cheibriados was pleased with you.
You were not hungry.

You visited 1 branch of the dungeon, and saw 8 of its levels.
You also visited: Ossuary.

You collected 322 gold pieces.

Inventory:

Hand Weapons
 y - a +1 war axe of chopping (weapon)
Armour
 c - a +0 shield (worn)
 f - a cursed +0 cloak (worn)
 C - a +0 chain mail (worn)
 F - a +0 pair of boots (worn)
Jewellery
 b - an amulet of regeneration (around neck)
 l - a ring of stealth (left hand)
 q - a ring of poison resistance (right hand)
Wands
 B - a wand of disintegration (15)
Scrolls
 g - a scroll of teleportation {unknown}
 n - 6 scrolls of remove curse {unknown}
 o - 2 scrolls of enchant armour {unknown}
 r - 2 scrolls of random uselessness {unknown}
 t - 2 scrolls of fog {unknown}
 A - a scroll of enchant weapon {unknown}
 E - 2 scrolls of fear {unknown}
 G - a scroll of recharging {unknown}
 H - a scroll of acquirement {unknown}
Potions
 a - 3 potions of agility
 d - 3 potions of might
 h - 2 potions of haste {unknown}
 k - 2 potions of cure mutation
 m - a potion of resistance
 p - 2 potions of cancellation {unknown}
 s - a potion of lignification
 u - 3 potions of ambrosia
 v - a potion of flight
 w - a potion of magic
 z - 2 potions of curing
Comestibles
 j - 2 meat rations


   Skills:
 + Level 6.6 Fighting
 + Level 5.4 Axes
 + Level 6.7 Armour
 + Level 4.5 Dodging
 + Level 7.2 Shields


You had 8 spell levels left.
You didn't know any spells.

Dungeon Overview and Level Annotations

Branches:
Dungeon (8/15)
 Temple: D:4-7         Lair: D:8-11

Altars:
Cheibriados
Yredelemnul
The Shining One

Annotations:
D:4 P0WERM0DE's ghost, amateur FoCK


Innate Abilities, Weirdness & Mutations

You are under a permanent stasis effect.
You can dig through walls and to a lower floor.
Your four strong arms can wield two-handed weapons with a shield.
You have a pair of large antennae on your head (SInv).
You are clumsy. (Dex -2)
Your body sometimes deteriorates upon taking damage.
You can spit weak poison.


Message History

The iguana completely misses you. You block the iguana's attack.
Items here: ))) [[[ † You closely miss the iguana.
The iguana barely misses you.
You slash the iguana!
The iguana is almost dead.
The iguana bites you!
* * * LOW HITPOINT WARNING * * *
You completely miss the iguana.
The iguana is almost dead.
You block the iguana's attack.
The iguana bites you but does no damage.
You slash the iguana!
You kill the iguana!
Cheibriados thoroughly appreciates the change of pace.
You hit the jelly.
Your hands burn!
* * * LOW HITPOINT WARNING * * *
The jelly is moderately wounded.
The jelly closely misses you. You block the jelly's attack.
You hit the jelly.
Your hands burn!
You die...

.#########..#
#..#.. .....
..#.o. ... #
..# # ..#.#
###....# ###
#.@..#
.....##J##.#
.......o# #
###..##.# #.
... .. .....
.. ....... #
..)......
#........o.


You could see a jelly and an orc.

Vanquished Creatures
  A centaur skeleton (D:8)
  A steam dragon (D:8)
  A hippogriff (D:7)
  2 ice beasts (D:6)
  An orc warrior (D:7)
  A sky beast (D:8)
  A black bear (D:6)
  An ogre (D:5)
  A phantom (D:4)
  2 scorpions (D:5)
  A giant frog zombie (D:5)
  A crimson imp (D:5)
  3 hounds
  A quasit (D:8)
  A jelly (D:6)
  An orc priest (D:3)
  3 orc wizards (D:3)
  3 iguanas
  4 worker ants
  3 mummies (Ossuary)
  4 gnolls (D:2)
  A shadow imp (D:5)
  An adder (D:3)
  2 adder zombies (Ossuary)
  An adder skeleton (D:6)
  2 worms
  5 giant geckos
  14 orcs
  4 bats
  6 goblins
  2 hobgoblins
  8 kobolds
  A quokka (D:5)
  3 ball pythons
  7 giant cockroaches
  2 giant newts (D:2)
  4 goblin zombies (Ossuary)
  3 hobgoblin zombies (Ossuary)
  A jackal zombie (D:8)
  2 kobold zombies (Ossuary)
  A quokka skeleton (D:6)
  6 quokka zombies (Ossuary)
  4 rats
  2 rat zombies
119 creatures vanquished.

Notes
Turn   | Place    | Note
--------------------------------------------------------------
     0 | D:1      | Proton the Formicid Fighter began the quest for the Orb.
     0 | D:1      | Reached XP level 1. HP: 18/18 MP: 1/1
   119 | D:1      | Reached XP level 2. HP: 24/24 MP: 2/2
   845 | D:2      | Reached XP level 3. HP: 29/29 MP: 3/3
  1043 | D:2      | Found a glowing golden altar of the Shining One.
  1148 | D:2      | Reached skill level 1 in Dodging
  1152 | D:2      | Reached skill level 4 in Armour
  1152 | D:2      | Reached XP level 4. HP: 20/35 MP: 4/4
  1834 | D:3      | Reached XP level 5. HP: 32/42 MP: 5/5
  2254 | D:3      | Reached XP level 6. HP: 19/48 MP: 6/6
  2538 | D:4      | Noticed P0WERM0DE's ghost (amateur FoCK)
  2595 | D:4      | Reached skill level 5 in Shields
  2932 | D:5      | Entered Level 5 of the Dungeon
  2958 | D:5      | Reached XP level 7. HP: 52/55 MP: 7/7
  3150 | D:5      | Reached skill level 5 in Armour
  3233 | D:5      | Reached skill level 5 in Fighting
  3497 | D:6      | Reached XP level 8. HP: 62/62 MP: 8/8
  3553 | D:6      | Found a basalt altar of Yredelemnul.
  3609 | D:6      | Found a snail-covered altar of Cheibriados.
  3617 | D:6      | Became a worshipper of Cheibriados the Contemplative
  3637 | D:6      | Reached skill level 6 in Shields
  4177 | D:6      | Gained mutation: Your body sometimes deteriorates upon taking damage. [potion of mutation]
  4177 | D:6      | Gained mutation: You can spit weak poison. [potion of mutation]
  4177 | D:6      | Gained mutation: You are clumsy. (Dex -2) [potion of mutation]
  4360 | D:7      | You fall through a shaft!
  4749 | D:8      | Noticed a centaur skeleton
  4761 | D:8      | Killed a centaur skeleton
  4761 | D:8      | Reached skill level 5 in Axes
  4761 | D:8      | Reached XP level 9. HP: 45/69 MP: 9/9
  4820 | D:8      | Found a sand-covered staircase.
  4838 | Ossuary  | Entered an ossuary
  4844 | Ossuary  | Reached skill level 7 in Shields
  4870 | Ossuary  | Reached * piety under Cheibriados
  5113 | D:7      | Reached ** piety under Cheibriados
  5119 | D:7      | HP: 2/71 [acid (5)]
  5120 | D:7      | Splashed by a jelly's acid

Vault maps used:
D:1:      mrwooster_arrival_statue_3, grunt_decor_one_mirror, hex_intersection
D:2:      overflow_temple_1_default, first_bread
D:6:      yredelemnul_altar_generic, cheibriados_altar_1, portal_sewer_entry_f,
          minivault_26
D:7:      fedhas_bush_and_centaur_altar, lemuel_round_altar,
          minmay_temple_entry_glassed_door
D:8:      okawaru_gym_becter, enter_ossuary_3, grunt_livestock
Ossuary:  ossuary_minmay_chase

Action                   |  1- 3 |  4- 6 |  7- 9 || total
-------------------------+-------+-------+-------++-------
Melee: War axe           |    83 |   124 |   239 ||   446
 Abil: Spit Poison       |       |       |     1 ||     1
       Dig               |       |       |     1 ||     1
       Shaft Self        |       |       |     1 ||     1
  Use: Scroll            |       |       |    10 ||    10
       Potion            |       |       |     2 ||     2
  Eat: Bread ration      |       |     1 |     2 ||     3
       Meat ration       |       |     1 |       ||     1
